AoeStats
← GoodByeWorld

Oasis

509474203Analyzed
4v4 RM · 5d ago on Sep 26, 2026· 14m 48s· 8 players
Game mode
Random Map
Map size
Large (8 player)
Population
200
Speed
Normal
Resources
Standard
Victory
Conquest
Starting age
Dark Age
Ending age
Imperial Age
RankedLock teamsTeams togetherTeam positionsShared explorationLock speedFull tech treeHidden civsTurbo modeCheats
Victory
Defeat
🇪🇸 Saracens · Spain
1392
+14
🇨🇱 Hindustanis · Chile
1368
+15
🇻🇪 Dravidians · Venezuela
1357
+16
🇧🇷 Magyars · Brazil
1322
+17
🇮🇳 Teutons · India
1432
-18
🇧🇷 Gurjaras · Brazil
1420
-18
🇦🇷 Britons · Argentina
1306
-14
🇺🇸 Saracens · United States
1253
-12
VaultBoy
7:40 Loom
9:50 Feudal Age
13:06 Fletching
13:07 Double-Bit Axe
LaddRusso
10:10 Feudal Age
10:44 Double-Bit Axe
11:34 Horse Collar
13:16 Loom
14:52 Bloodlines
GoodByeWorld
6:22 Loom
9:51 Feudal Age
12:37 Double-Bit Axe
Thanos 2022
6:54 Loom
9:14 Feudal Age
9:56 Double-Bit Axe
15:16 Wheelbarrow
Empire
3:19 Loom
11:09 Feudal Age
15:57 Castle Age
14:05 Double-Bit Axe
lobo
1:53 Loom
8:46 Feudal Age
9:34 Double-Bit Axe
12:41 Fletching
14:42 Padded Archer Armor
lucaspeixoto2584
9:19 Feudal Age
12:58 Double-Bit Axe
12:57 Horse Collar
13:34 Loom
Cheetah
7:27 Loom
10:05 Feudal Age
10:43 Double-Bit Axe
12:28 Wheelbarrow
13:13 Horse Collar
Connection lost

Rejoining the realm…

Still unreachable

The connection could not be restored.

Session expired

The server has moved on; the page needs a fresh start.